 Dungeon Crawl Stone Soup version 0.25.1-2-g60ff931df9 (webtiles) character file.

Game seed: 6114485911559355292

185 Curus the Poker (level 5, -1/38 HPs)
             Began as a Demonspawn Gladiator on Aug 22, 2020.
             Was an Initiate of Trog.
             Slain by an orc
             ... wielding a +0 mace
              (10 damage)
             ... on level 4 of the Dungeon.
             The game lasted 00:18:12 (3806 turns).

Curus the Poker (Demonspawn Gladiator)              Turns: 3806, Time: 00:18:12

Health: -1/38      AC:  9    Str: 14    XL:     5   Next: 37%
Magic:  5/5        EV: 13    Int:  9    God:    Trog [......]
Gold:   92         SH:  0    Dex: 16    Spells: 4/4 levels left

rFire    . . .     SeeInvis .   a - +0 trident
rCold    . . .     Gourm    .   (no shield)
rNeg     . . .     Faith    .   b - +1 leather armour
rPois    .         Spirit   .   c - +0 helmet
rElec    .         Reflect  .   (no cloak)
rCorr    .         Harm     .   n - +0 pair of gloves
MR       .....                  j - +0 pair of boots
Stlth    +.........             (no amulet)
HPRegen  0.12/turn              (no ring)
MPRegen  0.09/turn              (no ring)

@: no status effects
A: talons 1, yellow scales 1, foul stench 1, rot immunity
a: Renounce Religion


You were on level 4 of the Dungeon.
You worshipped Trog.
Trog was noncommittal.
You were not hungry.

You visited 1 branch of the dungeon, and saw 4 of its levels.

You collected 92 gold pieces.

Inventory:

Hand Weapons
 a - a +0 trident (weapon)
Missiles
 d - 3 throwing nets (quivered)
Armour
 b - a +1 leather armour (worn)
 c - a +0 helmet (worn)
 j - a +0 pair of boots (worn)
 n - a +0 pair of gloves (worn)
Wands
 i - a wand of random effects (25)
Scrolls
 e - 2 scrolls of identify
 g - a scroll of remove curse
 h - 2 scrolls of teleportation
 l - a scroll of magic mapping
Potions
 m - a potion of stabbing
 o - a potion of haste {unknown}
Comestibles
 f - 8 rations
 k - a chunk of flesh


   Skills:
 - Level 2.0 Fighting
 + Level 5.6 Polearms
 - Level 1.7 Throwing
 - Level 2.6 Dodging


You had 4 spell levels left.
You didn't know any spells.
Your spell library was empty.

Dungeon Overview and Level Annotations

Branches:
Dungeon (4/15)
 Temple: D:4-7

Altars:
Dithmenos
Gozag
Hepliaklqana
Kikubaaqudgha
Qazlal
Trog
Xom


Innate Abilities, Weirdness & Mutations

You have sharp toenails.
You are partially covered in yellow scales. (AC +2)
You may emit foul miasma when damaged in melee.
You are immune to rotting.


Message History

You completely miss the orc. The orc misses you. The orc closely misses you.
The orc hits you but does no damage.
You hit the orc.
The orc is lightly wounded.
The orc barely misses you. The orc hits you with a +0 morningstar.
The orc hits you but does no damage.
You puncture the orc!
You kill the orc!
Trog accepts your kill. The orc closely misses you.
The orc hits you with a +0 morningstar!
* * * LOW HITPOINT WARNING * * *
You barely miss the orc. The orc closely misses you.
You hit the orc.
The orc is severely wounded.
The orc misses you.
You hit the orc.
You kill the orc!
Trog accepts your kill. The orc hits you with a +0 mace!
You die...

#.. . #..###
##..# .. #....#
##....#
...#....##.......
........#........
..#....<.$......#
......)).......##
#....o@.........
##....).........
......###......#.
.##.....>.....##.
#.....#........
.%....##.......#
.........<.##..##
.........### ###
.......


You could see an orc.

Vanquished Creatures
  A howler monkey (D:3)
  An orc wizard (D:4)
  3 adders
  2 oozes (D:3)
  2 worms
  A dart slug (D:1)
  4 leopard geckos
  8 orcs
  6 bats
  5 giant cockroaches
  4 goblins
  7 hobgoblins
  6 jackals (D:2)
  A frilled lizard (D:3)
  7 kobolds
  7 rats
65 creatures vanquished.

Notes
Turn   | Place    | Note
-------+----------+-------------------------------------------
     0 | D:1      | Curus the Demonspawn Gladiator began the quest for the Orb.
     0 | D:1      | Reached XP level 1. HP: 16/16 MP: 1/1
   372 | D:1      | Reached skill level 3 in Polearms
   570 | D:1      | Gained mutation: You are immune to rotting. [demonic
                  | ancestry]
   570 | D:1      | Reached XP level 2. HP: 22/22 MP: 2/2
  1287 | D:2      | Gained mutation: You are partially covered in yellow
                  | scales. (AC +2) [demonic ancestry]
  1287 | D:2      | Reached XP level 3. HP: 27/27 MP: 3/3
  1518 | D:2      | Reached skill level 4 in Polearms
  1993 | D:2      | Found a bloodstained altar of Trog.
  2000 | D:2      | Became a worshipper of Trog the Wrathful
  2037 | D:2      | Found an ancient bone altar of Kikubaaqudgha.
  2042 | D:2      | Found an opulent altar of Gozag.
  2042 | D:2      | Found a shadowy altar of Dithmenos.
  2042 | D:2      | Found a stormy altar of Qazlal.
  2043 | D:2      | Found a hazy altar of Hepliaklqana.
  2068 | D:2      | Found a shimmering altar of Xom.
  2512 | D:3      | Gained mutation: You may emit foul miasma when damaged in
                  | melee. [demonic ancestry]
  2512 | D:3      | Reached XP level 4. HP: 26/33 MP: 4/4
  2736 | D:3      | Reached skill level 5 in Polearms
  3317 | D:3      | Gained mutation: You have sharp toenails. [demonic
                  | ancestry]
  3317 | D:3      | Reached XP level 5. HP: 38/38 MP: 5/5
  3806 | D:4      | Slain by an orc

Illustrated notes

Levels and vault maps discovered:
D:1:      dpeg_arrival_oval, layout_loops_corners, chequers_arboretum
D:2:      layout_loops_corners, nicolae_overflow_crystal_walls, xom_butterflies,
          minitemple, minmay_split_cup_large
D:3:      layout_loops_ring, minmay_misc_feat_rows, minmay_misc_feat_cross
D:4:      layout_cave_pools, marbit_many_paths, tso_altar, first_ration,
          portal_sewer_entry_b

Skill      XL: |  1  2  3  4 |
---------------+-------------+-----
Polearms       | 3 4 5 |  5.6
Fighting       | |  2.0
Throwing       | |  1.7
Dodging        | |  2.6

Action                   |  1- 3 |  4- 6 || total
-------------------------+-------+-------++-------
Melee: Trident           |   133 |    78 ||   211
  Use: Scroll            |     5 |     1 ||     6
       Potion            |     4 |     1 ||     5
 Stab: Sleeping          |       |     3 ||     3
  Eat: Chunk             |     4 |     5 ||     9
Armor: Leather armour    |    59 |    17 ||    76
Dodge: Dodged            |    75 |    37 ||   112
